cohdb
Replays
Latest Replays
All Replays
Popular Replays
Top Player Replays
Match Explorer
How It Works
Community
CoH3 Stats
Reddit
Sign in to upload your games and track your stats! →
Sign in with Steam
Match 36865742
Unlisted
Match 36865742
Overview
Messages
Build Orders
End
Vickers Machine Gun Team
Selects Heavy Armor Battlegroup
Construct Section Command Post
Dingo Light Scout Car
Infantry Section
Infantry Section
Construct Platoon Command Post
Selects Rigorous Vehicle Training
Selects Light Vehicle Withdraw and Refit
Infantry Section
JLODGE
K
Chobis
Megaladave
假山
RyuJou
士兵的勋章
尛傻瓜
0
0
Comments
sign in to comment!
No comments posted yet!